General information
- name: BNet
- type: Ladder team game (AT/RT)
- host: Battle.net
- saver: timg4strOK
map: UpperKingdom
- players: 6
- length: 04:34
- speed: Fast
- version: 1.21 W3XP
- replay type:

» download(28 KB)
Players
team 1 (loser)
jizzthrower (
purple | 61 APM | 278 actions | 04:32)
1 Far Seer
1 Feral Spirit
1 Keeper of the Grove
1 Thorns Aura
» actions
| Assign group hotkey | 8 | |
| Basic commands | 4 | |
| Build / train | 27 | |
| Enter build submenu | 13 | |
| Enter hero's abilities submenu | 2 | |
| Remove unit from queue | 1 | |
| Right click | 69 | |
| Select / deselect | 75 | |
| Select group hotkey | 43 | |
| Use ability | 36 | |
278 total
» units
| Wisp | 14 | |
| Peon | 5 | |
| Grunt | 1 | |
| Huntress | 2 | |
22 total
» buildings
| Altar of Elders | 1 | |
| Moon Well | 2 | |
| Orc Burrow | 4 | |
| Altar of Storms | 1 | |
| Barracks | 2 | |
| Hunter's Hall | 1 | |
| Ancient of War | 2 | |
13 total
» build order
00:18 Altar of Elders
00:20 Moon Well
00:29 Orc Burrow
00:34 Altar of Storms
01:30 Barracks
01:33 Barracks
01:47 Hunter's Hall
01:52 Ancient of War
02:02 Ancient of War
02:16 Moon Well
02:24 Orc Burrow
02:28 Orc Burrow
03:17 Orc Burrow
Josh_the_Imp (
green | 39 APM | 171 actions | 04:22)
1 Death Knight
1 Death Coil
» actions
| Assign group hotkey | 6 | |
| Basic commands | 1 | |
| Build / train | 11 | |
| Enter build submenu | 7 | |
| Enter hero's abilities submenu | 1 | |
| Right click | 61 | |
| Select / deselect | 33 | |
| Select group hotkey | 42 | |
| Use ability | 9 | |
171 total
» units
| Acolyte | 2 | |
| Ghoul | 1 | |
| Crypt Fiend | 4 | |
7 total
» buildings
| Graveyard | 1 | |
| Crypt | 1 | |
| Altar of Darkness | 1 | |
| Ziggurat | 2 | |
| Tomb of Relics | 1 | |
| Halls of the Dead | 1 | |
7 total
» build order
00:08 Graveyard
00:15 Crypt
00:41 Altar of Darkness
00:57 Ziggurat
01:28 Tomb of Relics
02:01 Ziggurat
03:59 Halls of the Dead
» items
kilaz (
yellow | 39 APM | 6 actions | 00:09)
team 2 (winner)
iggy_the_fisk (
pink | 96 APM | 440 actions | 04:33)
1 Archmage
1 Summon Water Elemental
» actions
| Assign group hotkey | 138 | |
| Build / train | 31 | |
| Enter build submenu | 8 | |
| Enter hero's abilities submenu | 1 | |
| Right click | 153 | |
| Select / deselect | 55 | |
| Select group hotkey | 40 | |
| Use ability | 14 | |
440 total
» units
» upgrades
» buildings
| Altar of Kings | 1 | |
| Barracks | 1 | |
| Farm | 4 | |
| Scout Tower | 2 | |
| Arcane Tower | 1 | |
| Keep | 6 | |
15 total
» build order
00:20 Altar of Kings
00:35 Barracks
00:40 Farm
01:08 Farm
01:36 Farm
02:17 Scout Tower
02:34 Scout Tower
03:04 Arcane Tower
03:30 Keep
03:36 Keep
03:36 Keep
03:37 Keep
03:37 Keep
04:23 Farm

»
razrazraz (
teal | 135 APM | 617 actions | 04:33)
1 Keeper of the Grove
1 Entangling Roots
» actions
| Assign group hotkey | 43 | |
| Basic commands | 35 | |
| Build / train | 21 | |
| ESC pressed | 1 | |
| Enter build submenu | 9 | |
| Enter hero's abilities submenu | 1 | |
| Right click | 281 | |
| Select / deselect | 132 | |
| Select group hotkey | 84 | |
| Use ability | 10 | |
617 total
» units
» buildings
| Altar of Elders | 1 | |
| Moon Well | 3 | |
| Ancient of War | 2 | |
| Hunter's Hall | 1 | |
7 total
» build order
00:06 Altar of Elders
00:18 Moon Well
01:46 Ancient of War
01:47 Hunter's Hall
01:53 Moon Well
02:08 Ancient of War
02:40 Moon Well
timg4strOK (
blue | 85 APM | 389 actions | 04:34)
1 Archmage
1 Summon Water Elemental
» actions
| Assign group hotkey | 8 | |
| Basic commands | 5 | |
| Build / train | 22 | |
| Enter build submenu | 6 | |
| Enter hero's abilities submenu | 1 | |
| Right click | 194 | |
| Select / deselect | 64 | |
| Select group hotkey | 76 | |
| Use ability | 13 | |
389 total
» units
» upgrades
» buildings
| Altar of Kings | 1 | |
| Barracks | 1 | |
| Farm | 3 | |
| Arcane Vault | 1 | |
| Keep | 1 | |
7 total
» build order
00:03 Altar of Kings
00:09 Barracks
00:16 Farm
00:56 Farm
02:05 Farm
04:03 Arcane Vault
04:05 Keep
Chat log
(00:09 / All) iggy_the_fisk: why
(00:11 / All) timg4strOK: drop hack 24/7
(00:12 / All) timg4strOK: leave
(00:14 / All) iggy_the_fisk: when we own you every time
(00:30 / All) timg4strOK: you may leave now
(00:32 / All) timg4strOK: good bye
(00:32 / All) iggy_the_fisk: ty for another free win courtesy of jizzthrower
(00:43 / All) timg4strOK: goodbye good bye one word or two pick your choice
(00:55 / All) iggy_the_fisk: hej då
(00:59 / All) iggy_the_fisk: world of possibilities
(01:00 / All) timg4strOK: ströjgart
(01:32 / All) timg4strOK: noob shit why aren't you leaving
(01:42 / All) Josh_the_Imp: y u stil ltalking?
(01:47 / All) timg4strOK: LMFAo leave shit noob
(01:49 / All) iggy_the_fisk: silence trash
(01:50 / All) timg4strOK: i piss in your mouth
(02:06 / All) iggy_the_fisk: open it again get a golden surprise
(02:45 / All) timg4strOK: peace gg
(03:09 / All) timg4strOK: gg
(03:30 / All) timg4strOK: nice surround noob shit
(03:56 / All) jizzthrower: blue your soo noob
(03:56 / Allies) timg4strOK: LMFAO
(04:14 / All) timg4strOK: hey shit noob whered your burrows go
(04:16 / All) iggy_the_fisk: www.highper.ch for more replays of you getting owned thanks bye
(04:18 / All) jizzthrower: drop hack more bitch
(04:26 / All) jizzthrower: hero surrounded w/ peons
(04:28 / Allies) timg4strOK: http://highper.ch click and make me money noob
(04:30 / All) jizzthrower: noob